 Dungeon Crawl Stone Soup version 0.30-a0-177-g1cb5dbfd7a (webtiles) character file.

Game seed: 14098550250672136614

2687 Flugkiller the Magician (level 9, -4/61 HPs)
             Began as a Mummy Ice Elementalist on Oct 2, 2022.
             Was a Priest of Hepliaklqana.
             Slain by a two-headed ogre
             ... wielding a +0 giant club
              (28 damage)
             ... on level 8 of the Dungeon.
             The game lasted 00:09:26 (5867 turns).

Flugkiller the Magician (Mummy Ice Elementalist)    Turns: 5867, Time: 00:09:26

Health: -4/61      AC: 11    Str: 11    XL:     9   Next: 38%
Magic:  14/20      EV: 13    Int: 23    God:    Hepliaklqana [***...]
Gold:   409        SH:  0    Dex: 14    Spells: 11/22 levels left

rFire   . . .      SeeInvis .    w - +7 quarterstaff of the Kidney {pain, Int+6}
rCold   . . .      Faith    +    (shield currently unavailable)
rNeg    + + +      Spirit   .    a - +0 robe
rPois   ∞          Reflect  .    d - +2 helmet
rElec   .          Harm     .    z - +0 cloak
rCorr   .          Rampage  .    (no gloves)
Will    +....                    D - +0 pair of boots
Stlth   ++........               o - amulet of the acrobat
HPRegen 0.30/turn                c - ring of fire
MPRegen 0.17/turn                p - +4 ring of protection

@: freezing walls
A: reduced essence, cold resistance 1, negative energy resistance 3, torment
resistance 2, heat vulnerability 1, in touch with death 1, no potions, faith
a: Renounce Religion, Recall Ancestor, Ancestor Identity, Transference


You were on level 8 of the Dungeon.
You worshipped Hepliaklqana.
Hepliaklqana was most pleased with you.
You visited 1 branch of the dungeon, and saw 8 of its levels.
You also visited: Sewer and Ossuary.

You collected 490 gold pieces.
You spent 81 gold pieces at shops.

Inventory:

Hand Weapons
 h - a +2 dagger of venom
   (You took it off a goblin on level 2 of the Dungeon)
 n - a +1 vorpal trident
   (You took it off an orc priest on level 3 of the Dungeon)
 u - the +5 hand axe of False Hope {freeze, rElec Will+ Str-5 Int+3}
   (You found it on level 4 of the Dungeon)

   It freezes those it strikes, dealing additional cold damage.
   It can also slow down cold-blooded creatures.
   Str:       It affects your strength (-5).
   Int:       It affects your intelligence (+3).
   rElec:     It insulates you from electricity.
   Will:      It increases your willpower.
 w - the +7 quarterstaff of the Kidney (weapon) {pain, Int+6}
   (You found it on level 4 of the Dungeon)

   In the hands of one skilled in necromantic magic, it inflicts extra damage on
   living creatures.
   Int:       It affects your intelligence (+6).
Missiles
 i - a throwing net
Armour
 a - a +0 robe (worn)
 d - a +2 helmet (worn)
   (You found it on level 1 of the Dungeon)
 e - the -2 buckler of Baldness {Rampage +Blink rF+}
   (You found it on level 2 of the Dungeon)

   rF:        It protects you from fire.
   +Blink:    It lets you blink.
   Rampage:   It bestows one free step when moving towards enemies.
 z - a +0 cloak (worn)
   (You found it on level 5 of the Dungeon)
 D - a +0 pair of boots (worn)
   (You found it on level 5 of the Dungeon)
Jewellery
 c - a ring of fire (left hand)
   (You found it on level 1 of the Dungeon)
 o - an amulet of the acrobat (around neck)
   (You found it on level 3 of the Dungeon)
 p - a +4 ring of protection (right hand)
   (You found it on level 3 of the Dungeon)
 v - a +6 ring of dexterity
   (You found it on level 4 of the Dungeon)
 C - an amulet of reflection
   (You found it on level 6 of the Dungeon)
Wands
 l - a wand of digging (6)
   (You found it in a sewer)
 x - a wand of flame (17)
   (You found it on level 5 of the Dungeon)
 E - a wand of acid (10)
   (You found it on level 7 of the Dungeon)
 F - a wand of roots (11)
   (You found it on level 7 of the Dungeon)
Scrolls
 b - 3 scrolls of poison
 f - 3 scrolls of amnesia
 g - 3 scrolls of summoning
 j - 3 scrolls of vulnerability
 k - 2 scrolls of fog
 m - 2 scrolls of enchant weapon
 q - 2 scrolls of acquirement
 r - a scroll of immolation {unknown}
 s - 4 scrolls of fear
 t - 4 scrolls of teleportation
 y - a scroll of blinking {unknown}
 A - a scroll of brand weapon {unknown}
 B - 2 scrolls of enchant armour
 G - a scroll of silence {unknown}


   Skills:
 + Level 5.3 Fighting
 + Level 3.3 Dodging
 - Level 1.5 Stealth
 - Level 7.4 Spellcasting
 - Level 6.0 Summonings
 - Level 6.0 Ice Magic


You had 11 spell levels left.
You knew the following spells:

 Your Spells              Type           Power      Damage    Failure   Level
a - Freeze                Ice            100%       1d11      1%          1
b - Frozen Ramparts       Ice            72%        1d11      1%          3
c - Ozocubu's Armour      Ice            36%        N/A       1%          3
d - Summon Ice Beast      Ice/Summ       36%        N/A       6%          4

Your spell library contained the following spells:

 Spells                   Type           Power      Damage    Failure   Level
 Sting                    Tmut/Pois      32%        1d4       8%          1
 Momentum Strike          Conj/Tloc      16%        3d8       11%         2
 Poisonous Vapours        Pois/Air       16%        N/A       11%         2
 Scorch                   Fire           24%        2d6       11%         2
 Ignite Poison            Fire/Tmut/Pois 12%        N/A       22%         3
 Inner Flame              Hex/Fire       12%        N/A       22%         3
 Summon Forest            Summ/Tloc      11%        N/A       52%         5
 Olgreb's Toxic Radiance  Pois           8%         N/A       58%         4
 Summon Hydra             Summ           18%        N/A       99%         7
 Eringya's Noxious Bog    Tmut/Pois      4%         N/A       100%        6


Dungeon Overview and Level Annotations

Branches:
Dungeon (8/15) Zot: 26950  Temple (0/1) D:6           Sewer (visited)
Ossuary (visited)
   Lair: D:8-11

Altars:
Ashenzari
Gozag
Hepliaklqana
Qazlal
Sif Muna

Shops:
D:2 !*   D:4 *   D:5 [

Annotations:
D:6 2 runed translucent doors, WLBjork's ghost, novice HOMo


Innate Abilities, Weirdness & Mutations

Your life essence is reduced to manifest your ancestor. (-10% HP)
You are immune to poison.
Your flesh is cold resistant. (rC+)
You are immune to negative energy. (rN+++)
You are immune to unholy pain and torment.
You are vulnerable to heat. (rF-)
You are in touch with the powers of death.
You do not drink.
You have a special connection with the divine. (Faith)


Message History

There is a stone staircase leading down here.
There is a stone staircase leading up here.
Found 8 stones.
You now have 395 gold pieces (gained 16).
Found a silvery potion.
You swap places.
Found a stone staircase leading down.
Found a silvery potion.
Done exploring.
Done exploring.
Done exploring.
Okay, then.
Done exploring.
(D) Dungeon (T) Temple
Where to? (Enter - D:7, ? - help)
You swap places.
You see here 8 stones.
There is a stone staircase leading down here.
You climb downwards.
Found 6 atropa-tipped darts.
There is a stone staircase leading up here.
A howler monkey simulacrum comes into view.
A howler monkey simulacrum is nearby!
A howler monkey simulacrum is nearby!
Found 14 gold pieces.
The howler monkey simulacrum misses you.
You sock the howler monkey simulacrum!
The howler monkey simulacrum vaporises!
No target in view!
You see here 6 atropa-tipped darts.
You now have 409 gold pieces (gained 14).
Found a fizzy purple potion.
An ice beast comes into view.
An ice beast is nearby!
An ice beast is nearby!
You closely miss the ice beast. The ice beast closely misses you.
You barely miss the ice beast. The ice beast misses you.
You sock the ice beast!
The ice beast is moderately wounded.
The ice beast hits you. The ice beast freezes you!
Lici barely misses the ice beast.
Lici hits the ice beast with a +0 flail!
The ice beast hits Lici but does no damage.
You catch the helpless ice beast completely off-guard!
You hit the ice beast.
You kill the ice beast!
No target in view!
You swap places.
A two-headed ogre comes into view. It is wielding two +0 giant clubs.
A two-headed ogre is nearby!
A two-headed ogre is nearby!
You see here 10 gold pieces.
Casting: Frozen Ramparts (safe; 1% risk of failure)
Confirm with . or Enter, or press ? or * to list all spells.
The walls around you are covered in ice.
The two-headed ogre shouts in stereo!
The wall freezes the two-headed ogre!
Lici hits the two-headed ogre with a +0 flail.
The wall freezes the two-headed ogre!
The two-headed ogre hits Lici with a +0 giant club!!
The two-headed ogre hits Lici with a +0 giant club!
Lici is destroyed!
The wall freezes the two-headed ogre.
Casting: Frozen Ramparts (safe; 1% risk of failure)
Confirm with . or Enter, or press ? or * to list all spells.
Aiming: Freeze (safe; 1% risk of failure)
Press: ? - help, Shift-Dir - straight line, f - two-headed ogre
Aim: a two-headed ogre, wielding two +0 giant clubs (moderately wounded)
You freeze the two-headed ogre!
The two-headed ogre is heavily wounded.
The wall freezes the two-headed ogre but does no damage.
The two-headed ogre hits you with a +0 giant club!
The two-headed ogre hits you with a +0 giant club.
Casting: Freeze (safe; 1% risk of failure)
Confirm with . or Enter, or press ? or * to list all spells.
Aiming: Freeze (safe; 1% risk of failure)
Press: ? - help, Shift-Dir - straight line, f/p - two-headed ogre
Aim: a two-headed ogre, wielding two +0 giant clubs (heavily wounded)
You freeze the two-headed ogre.
The two-headed ogre is heavily wounded.
Casting: Freeze (safe; 1% risk of failure)
Confirm with . or Enter, or press ? or * to list all spells.
Aiming: Freeze (safe; 1% risk of failure)
Press: ? - help, Shift-Dir - straight line, f/p - two-headed ogre
Aim: a two-headed ogre, wielding two +0 giant clubs (heavily wounded)
You freeze the two-headed ogre!
The two-headed ogre is almost dead.
The wall freezes the two-headed ogre but does no damage.
The two-headed ogre closely misses you.
The two-headed ogre hits you with a +0 giant club!
Casting: Freeze (safe; 1% risk of failure)
Confirm with . or Enter, or press ? or * to list all spells.
Aiming: Freeze (safe; 1% risk of failure)
Press: ? - help, Shift-Dir - straight line, f/p - two-headed ogre
Aim: a two-headed ogre, wielding two +0 giant clubs (almost dead)
You freeze the two-headed ogre.
The two-headed ogre is almost dead.
The wall freezes the two-headed ogre but does no damage.
The two-headed ogre hits you with a +0 giant club!!
You die...

###.####........(..#.#
#..#..##..............
###..#..##...........#.#
#........#..............
#................#######
.....#...........#
#....#...#########
#....#...# #.#....@##
#....#.O.......
#.###.#.##.##.. # #.#.#
# #.... ..#.# #.# #..


You could see a two-headed ogre.

Vanquished Creatures
  Sigmund (D:3)
  Pargi (Sewer)
  A black bear (D:4)
  An ice beast (D:8)
  2 ogres (D:6)
  2 centaurs
  3 necrophages
  A scorpion (D:6)
  6 killer bees (D:7)
  A howler monkey (D:6)
  A centaur zombie (Ossuary)
  A human zombie (Ossuary)
  A jelly (D:6)
  2 hounds (D:6)
  2 orc priests
  8 iguanas
  An orc wizard (D:4)
  2 mummies (Ossuary)
  6 adders
  3 gnolls (D:4)
  A shadow imp (D:6)
  A howler monkey simulacrum (D:8)
  2 ufetubi
  2 worms
  4 dart slugs
  15 orcs
  5 ball pythons
  3 bats
  9 endoplasms
  2 giant cockroaches
  A gnoll zombie (Ossuary)
  9 goblins
  7 hobgoblins
  13 jackals
  7 kobolds
  4 quokkas
  7 frilled lizards
  2 hobgoblin zombies (Ossuary)
  3 orc zombies (Ossuary)
  3 rats
146 creatures vanquished.

Vanquished Creatures (collateral kills)
  An acid dragon (D:7)
  A water moccasin (D:5)
  2 ice beasts (D:5)
  A scorpion (D:6)
  A jelly (D:6)
  An orc priest (D:4)
  A hound (D:5)
  2 iguanas
  3 mummies (Ossuary)
  A white imp (D:7)
  A dart slug (D:5)
  2 orcs
  A ball python (D:4)
  3 frilled lizards (D:5)
21 creatures vanquished.

Vanquished Creatures (others)
  3 knights
  5 plants (D:5)
8 creatures vanquished.

Grand Total: 175 creatures vanquished

Notes
Turn   | Place    | Note
-------+----------+-------------------------------------------
     0 | D:1      | Flugkiller the Mummy Ice Elementalist began the quest for
                  | the Orb.
     0 | D:1      | Reached XP level 1. HP: 13/13 MP: 4/4
    53 | D:1      | Reached skill level 3 in Spellcasting
   123 | D:1      | Reached XP level 2. HP: 20/20 MP: 4/6
   156 | D:1      | Reached skill level 1 in Fighting
   473 | D:1      | Gained mutation: You are in touch with the powers of death.
                  | [Mummy growth]
   473 | D:1      | Reached XP level 3. HP: 21/26 MP: 4/7
   937 | D:2      | Learned a level 3 spell: Frozen Ramparts
   948 | D:2      | Found Milew's Assorted Antiques.
  1004 | D:2      | Found Xehamue's Distillery.
  1288 | D:2      | Identified the -2 buckler of Baldness {Rampage +Blink rF+}
  1357 | D:2      | Bought a scroll labelled ENA ASANUIMM for 27 gold pieces
  1357 | D:2      | Bought a scroll labelled WIREFE TUROFF for 27 gold pieces
  1357 | D:2      | Bought a scroll labelled SIUDOUDOICK for 27 gold pieces
  1445 | D:3      | Found a hazy altar of Hepliaklqana.
  1480 | D:3      | Became a worshipper of Hepliaklqana the Forgotten
  1533 | D:3      | Found a glowing drain.
  1543 | D:3      | Reached XP level 4. HP: 33/33 MP: 9/9
  1550 | Sewer    | Entered a sewer
  1602 | Sewer    | Noticed Pargi
  1611 | Sewer    | Killed Pargi
  1612 | Sewer    | Reached skill level 4 in Spellcasting
  1612 | Sewer    | Reached XP level 5. HP: 33/38 MP: 1/12
  1790 | D:3      | Found a faded altar of an unknown god.
  1805 | D:3      | Reached skill level 5 in Spellcasting
  1906 | D:3      | Noticed Sigmund
  1929 | D:3      | Killed Sigmund
  1930 | D:3      | Reached skill level 6 in Spellcasting
  1930 | D:3      | Reached skill level 5 in Ice Magic
  1930 | D:3      | Reached XP level 6. HP: 23/44 MP: 9/15
  2632 | D:4      | Reached XP level 7. HP: 48/50 MP: 16/16
  2636 | D:4      | Identified the +5 hand axe of False Hope {freeze, rElec
                  | Will+ Str-5 Int+3}
  2644 | D:4      | Reached * piety under Hepliaklqana
  2797 | D:4      | Reached skill level 7 in Spellcasting
  2951 | D:4      | Identified the +7 quarterstaff of the Kidney {pain, Int+6}
  3132 | D:4      | Found Alil's Serpentskin Sales.
  3284 | D:4      | Learned a level 3 spell: Ozocubu's Armour
  3289 | D:4      | Learned a level 4 spell: Summon Ice Beast
  3306 | D:5      | Entered Level 5 of the Dungeon
  3357 | D:5      | Reached skill level 1 in Summonings
  3481 | D:5      | Found a sand-covered staircase.
  3487 | Ossuary  | Entered an ossuary
  3660 | Ossuary  | Reached XP level 8. HP: 43/50 MP: 19/19
  3699 | Ossuary  | Identified 3 scrolls of acquirement
  4078 | D:5      | Reached ** piety under Hepliaklqana
  4079 | D:5      | Remembered your ancestor Lici as a knight
  4087 | D:5      | Reached skill level 5 in Summonings
  4189 | D:5      | Found Gyotiug's Antique Armour Boutique.
  4548 | D:6      | Found a stormy altar of Qazlal.
  4559 | D:6      | Found an opulent altar of Gozag.
  4572 | D:6      | Found a shimmering blue altar of Sif Muna.
  4613 | D:6      | Found a runed translucent door.
  4619 | D:6      | Noticed WLBjork's ghost (novice HOMo)
  4634 | D:6      | Found a runed translucent door.
  4693 | D:6      | Reached XP level 9. HP: 58/58 MP: 16/20
  4753 | D:6      | Found a staircase to the Ecumenical Temple.
  4805 | D:6      | Acquired a Fen Folio
  5000 | D:7      | Reached *** piety under Hepliaklqana
  5028 | D:7      | Got the Incunable of the Spatial Blaze
  5035 | D:7      | Found a broken altar of Ashenzari.
  5291 | D:7      | Reached skill level 5 in Fighting
  5856 | D:8      | Noticed a two-headed ogre
  5867 | D:8      | Slain by a two-headed ogre

Illustrated notes

Levels and vault maps discovered:
D:1:      grunt_arrival_crossed_arrows, layout_loops_cross
D:2:      layout_rooms, serial_shops, nicolae_shop_stone,
          nicolae_shop_behind_doors, hangedman_decor_diamond_cutter
D:3:      layout_rooms, mainiacjoe_overflow_tiny_flanked, portal_sewer_entry_d,
          hellmonk_ecumenical_altar_pennies_from_heaven, uniq_sigmund
D:4:      layout_basic, guppyfry_shop_venom
D:5:      layout_loops_cross, serial_shops, kennysheep_mini_moat,
          nicolae_ossuary_entry_plus, minmay_lizard_king
D:6:      layout_cave_pools, nicolae_overflow_hallway_of_the_gods, temple_hall,
          ebering_ghost_sewer_f, supply_closet_lemuel
D:7:      layout_loops_ring, mainiacjoe_overflow_catwalk,
          dreamdust_princess_bridge, small_statue_intersection
D:8:      layout_loops_cross, serial_ice, serial_ice_g, serial_ice_e,
          serial_ice_i, serial_ice_n, serial_ice_o, serial_ice_c, serial_ice_f,
          serial_ice_d, st_stairs_8, kennysheep_cross_room, uniq_maurice

Skill      XL: |  1  2  3  4  5  6  7  8  9 |
---------------+----------------------------+-----
Spellcasting   | 3 4 6 7 |  7.4
Fighting       | 1 2 3 5 |  5.3
Ice Magic      | 4 5 6 |  6.0
Summonings     | 2 6 |  6.0
Dodging        | 3 |  3.3
Stealth        | |  1.5

Action                   |  1- 3 |  4- 6 |  7- 9 || total
-------------------------+-------+-------+-------++-------
Melee: Unarmed           |    29 |       |       ||    29
       Whip              |    18 |       |       ||    18
       Dagger            |    29 |    42 |       ||    71
       Quarterstaff      |       |       |   140 ||   140
       Hand axe          |       |       |    21 ||    21
 Cast: Freeze            |    51 |     8 |    13 ||    72
       Frozen Ramparts   |     1 |     9 |    12 ||    22
Invok: Ancestor Identity |       |       |     2 ||     2
       Recall Ancestor   |       |       |     1 ||     1
       Ancestor Life: Kn |       |       |     1 ||     1
  Use: Scroll            |     2 |     3 |     6 ||    11
 Stab: Sleeping          |     1 |     1 |     7 ||     9
       Distracted        |       |       |     1 ||     1
Armor: Robe              |    27 |    22 |    79 ||   128
Dodge: Dodged            |    78 |    68 |   131 ||   277

Table legend: (Time is in decaauts)
 A = Elapsed time spent in this place.
 B = Non-inter-level travel time spent in this place.
 C = Inter-level travel time spent in this place.
 D = Time resting spent in this place.
 E = Time spent auto-exploring this place.
 F = Levels seen in this place.
 G = Mean time per level.
                   A        B        C        D        E       F      G
               +--------+--------+--------+--------+--------+-----+--------+
         Total |   5935 |   5690 |    245 |   1085 |   3165 |  10 |  593.5 |
       Dungeon |   5467 |   5222 |    245 |    933 |   3046 |   8 |  683.4 |
         Sewer |    201 |    201 |      0 |     78 |     77 |   1 |  201.0 |
       Ossuary |    267 |    267 |      0 |     74 |     42 |   1 |  267.0 |
               +--------+--------+--------+--------+--------+-----+--------+

Top non-repeatable levels by time:
     D:4: 927 daAuts
     D:7: 873 daAuts
     D:5: 840 daAuts
     D:1: 819 daAuts
     D:3: 766 daAuts
     D:2: 621 daAuts
     D:6: 570 daAuts
 Ossuary: 267 daAuts
   Sewer: 201 daAuts
     D:8: 48 daAuts
